 Dungeon Crawl Stone Soup version 0.25.0-10-g039870ee82 (console) character file.

Game seed: 11147548650671061888

282 bli the Insei (level 6, -7/48 HPs)
             Began as a Draconian Transmuter on June 23, 2020.
             Mangled by Blork the orc
             ... wielding a +0 war axe
              (11 damage)
             ... on level 4 of the Dungeon.
             The game lasted 00:10:07 (3460 turns).

bli the Insei (Draconian Transmuter)                Turns: 3460, Time: 00:10:07

Health: -7/48      AC:  7    Str: 12    XL:     6   Next: 6%
Magic:  2/9        EV: 13    Int: 14    God:
Gold:   140        SH:  0    Dex: 13    Spells: 7/10 levels left

rFire    . . .     SeeInvis .     - Unarmed
rCold    . . .     Gourm    .   (no shield)
rNeg     . . .     Faith    .   (armour unavailable)
rPois    .         Spirit   .   (helmet restricted)
rElec    .         Reflect  .   l - +0 cloak
rCorr    .         Harm     .   (no gloves)
MR       .....                  (boots currently unavailable)
Stlth    +.........             (no amulet)
HPRegen  0.16/turn              (no ring)
MPRegen  0.11/turn              (no ring)

@: appendage (expiring)
A: unfitting armour, talons 3, cold-blooded, AC +6
a: End Transformation


You were on level 4 of the Dungeon.
You were hungry.
You had grown temporary talons.
You visited 1 branch of the dungeon, and saw 4 of its levels.

You collected 140 gold pieces.

Inventory:

Missiles
 a - 19 arrows
Armour
 l - a +0 cloak (worn)
Jewellery
 n - an uncursed ring of positive energy {unknown}
Wands
 k - a wand of polymorph (8)
Scrolls
 b - 2 scrolls of blinking {unknown}
 d - a scroll of enchant weapon {unknown}
 e - a scroll of remove curse {unknown}
 f - 4 scrolls of teleportation {unknown}
 h - 3 scrolls of identify {unknown}
 m - a scroll of amnesia {unknown}
 o - a scroll of magic mapping {unknown}
Potions
 g - a potion of mutation {unknown}
 i - a potion of invisibility
 p - a potion of stabbing {unknown}
Comestibles
 c - 10 rations


   Skills:
 + Level 2.1 Fighting
 * Level 2.8 Dodging
 * Level 5.4 Unarmed Combat
 + Level 2.5 Spellcasting
 + Level 2.7 Transmutations


You had 7 spell levels left.
You knew the following spells:

 Your Spells              Type           Power        Failure   Level  Hunger
a - Beastly Appendage     Tmut           #.....       7%          1    #......
b - Sticks to Snakes      Tmut           #.......     11%         2    ###....

Your spell library contained the following spells:

 Spells                   Type           Power        Failure   Level  Hunger
 Spider Form              Tmut/Pois      #.........   36%         3    ###....
 Ice Form                 Ice/Tmut       #.......     77%         4    #####..
 Blade Hands              Tmut           #.........   89%         5    ######.


Dungeon Overview and Level Annotations

Branches:
Dungeon (4/15)
 Temple: D:4-7

Altars:
Makhleb
Uskayaw
Xom

Annotations:
D:4 Blork the orc


Innate Abilities, Weirdness & Mutations

Your plain brown scales are hard. (AC +6)
You cannot fit into any form of body armour.
You are cold-blooded and may be slowed by cold attacks.
You have claws for feet.


Message History

The centaur closely misses you. The centaur hits you!
* * * LOW HITPOINT WARNING * * *
You see here an arrow.
You hit the centaur.
The centaur is almost dead.
The centaur closely misses you.
A worm comes into view.
Casting: Beastly Appendage (safe; 8% risk of failure)
Confirm with . or Enter, or press ? or * to list all spells.
You create a snake!
You now have 19 arrows.
The centaur closely misses you.
The centaur hits you but does no damage.
You hit the centaur.
You kill the centaur!
You have reached level 6!
Your experience leads to an increase in your attributes!
Increase (S)trength, (I)ntelligence, or (D)exterity?
You feel agile.
Your scales feel tougher.
Blork the orc hits you with a +0 war axe!
You die...

...<........ .
.............## .. .
..............###.. .
...............##....
.
#..................w.
.
.....................
. ......
#.........### .
#.....##...(.S#o...##
.
#.....#....##@)....#
.
###........#####....#
. .........### ##.##
.##.......## #
...........##
....##......#
.....[......#
.##.........#
............#
..........(##
.......[.###


You could see Blork the orc, a worm and a friendly ball python.

Vanquished Creatures
  A centaur (D:4)
  A hound (D:3)
  9 adders
  An ooze (D:2)
  5 dart slugs
  3 leopard geckos
  An orc (D:3)
  3 ball pythons
  8 bats
  2 giant cockroaches (D:1)
  9 goblins
  8 hobgoblins
  8 jackals (D:1)
  8 kobolds
  3 frilled lizards
  A jackal skeleton (D:4)
  A leopard gecko skeleton (D:4)
  4 rats
76 creatures vanquished.

Vanquished Creatures (collateral kills)
  A goblin (D:2)
1 creature vanquished.

Grand Total: 77 creatures vanquished

Notes
Turn   | Place    | Note
-------+----------+-------------------------------------------
     0 | D:1      | bli the Draconian Transmuter began the quest for the Orb.
     0 | D:1      | Reached XP level 1. HP: 16/16 MP: 3/3
   156 | D:1      | Reached XP level 2. HP: 23/23 MP: 3/5
   544 | D:1      | Learned a level 2 spell: Sticks to Snakes
   730 | D:1      | Reached skill level 4 in Unarmed Combat
   734 | D:1      | Reached XP level 3. HP: 23/28 MP: 4/6
  1505 | D:2      | Found a shimmering altar of Xom.
  1506 | D:2      | Found a shimmering altar of Xom.
  1571 | D:2      | Found a shimmering altar of Xom.
  1576 | D:2      | Reached XP level 4. HP: 31/35 MP: 5/7
  1995 | D:2      | Found a hide-covered altar of Uskayaw.
  2436 | D:3      | Reached XP level 5. HP: 38/41 MP: 4/8
  2631 | D:3      | Found a burning altar of Makhleb.
  2641 | D:3      | Reached skill level 5 in Unarmed Combat
  3440 | D:4      | Noticed Blork the orc
  3440 | D:4      | Noticed a centaur
  3460 | D:4      | Killed a centaur
  3460 | D:4      | Reached XP level 6. HP: 4/48 MP: 2/9
  3460 | D:4      | Mangled by Blork the orc

Illustrated notes

Levels and vault maps discovered:
D:1:      dpeg_arrival_renting, layout_basic
D:2:      layout_rooms, lemuel_round_altar, xom_redecorated
D:3:      layout_basic, makhleb_blood_cavern_becter, corexii_shack,
          kennysheep_generic_room_10
D:4:      layout_cave_pools, uniq_menkaure, uniq_blork_the_orc

Skill      XL: |  1  2  3  4  5 |
---------------+----------------+-----
Dodging        | 2 |  2.8
Unarmed Combat | 4 5 |  5.4
Fighting       | 2 |  2.1
Spellcasting   | |  2.5
Transmutations | |  2.7

Action                   |  1- 3 |  4- 6 || total
-------------------------+-------+-------++-------
Melee: Unarmed           |   146 |   119 ||   265
       Tailslap          |     9 |    12 ||    21
       Kick              |    12 |    13 ||    25
       Headbutt          |     4 |     2 ||     6
       Punch             |       |     2 ||     2
 Cast: Beastly Appendage |    21 |    14 ||    35
       Sticks to Snakes  |       |     7 ||     7
  Use: Potion            |       |     2 ||     2
 Stab: Sleeping          |       |     1 ||     1
  Eat: Chunk             |     3 |     6 ||     9
Armor: Skin              |    49 |    46 ||    95
Dodge: Dodged            |   113 |    77 ||   190
